 Dungeon Crawl Stone Soup version 0.20.1-1-g8b1a95d (webtiles) character file.

178 HammerPanzer the Bolt Thrower (level 5, 0/44 HPs)
             Began as a Centaur Hunter on Oct 28, 2017.
             Slain by a worm (9 damage)
             ... on level 3 of the Dungeon.
             The game lasted 00:12:39 (3226 turns).

HammerPanzer the Bolt Thrower (Centaur Hunter)      Turns: 3226, Time: 00:12:40

Health: 0/44       AC:  7    Str: 15    XL:     5   Next: 32%
Magic:  5/5        EV:  0    Int: 10    God:
Gold:   164        SH: 10    Dex: 10    Spells: 4/4 levels left

rFire    . . .     SeeInvis .   a - +1 hand crossbow
rCold    . . .     Gourm    .   c - +0 large shield
rNeg     . . .     Faith    .   g - +0 chain mail
rPois    .         Spirit   .   (no helmet)
rElec    .         Reflect  .   (no cloak)
rCorr    .         Harm     .   (no gloves)
MR       .....                  (no barding)
Stlth    ..........             h - amulet of magic regeneration
Regen    0.2/turn               (no ring)
MPRegen  0.2/turn               (no ring)

@: very quick
A: hooves 3, deformed body, speed 2, tough skin 3
a: no special abilities


You were on level 3 of the Dungeon.
You were not hungry.

You visited 1 branch of the dungeon, and saw 4 of its levels.

You collected 164 gold pieces.

Inventory:

Hand Weapons
 a - a +1 hand crossbow (weapon)
 l - a +1 short sword of speed
Missiles
 d - 2 bolts (quivered)
Armour
 c - a +0 large shield (worn)
 g - a +0 chain mail (worn)
 i - a cursed +0 ring mail
Jewellery
 h - an amulet of magic regeneration (around neck)
Scrolls
 b - a scroll of immolation {unknown}
 e - 5 scrolls of teleportation
 k - a scroll of remove curse {unknown}
 t - a scroll of enchant armour {unknown}
 u - a scroll of blinking {unknown}
Potions
 j - 2 potions of cancellation
 m - a potion of invisibility
 p - 2 potions of curing {unknown}
 r - a potion of heal wounds {unknown}
 s - a potion of lignification {unknown}
Comestibles
 f - 4 bread rations
 n - 2 royal jellies
 o - 3 fruits
 q - 4 chunks of flesh


   Skills:
 + Level 2.8 Fighting
 + Level 1.0 Short Blades
 * Level 6.6 Crossbows
 - Level 1.3 Dodging
 - Level 0.4 Stealth
 + Level 0.4 Shields


You had 4 spell levels left.
You didn't know any spells.

Dungeon Overview and Level Annotations

Branches:
Dungeon (4/15)
 Temple: D:4-7

Altars:
Kikubaaqudgha
Sif Muna
Trog


Innate Abilities, Weirdness & Mutations

You have hooves in place of feet.
Armour fits poorly on your strangely shaped body.
You cover ground very quickly.
You have extremely tough skin. (AC +3)


Message History

Press: ? - help, Shift-Dir - straight line, f - you
Okay, then.
You see here a bolt.
d - 3 bolts (gained 1) Firing (i - inventory):
d - 3 bolts (quivered)
Press: ? - help, Shift-Dir - straight line, f - worm
Aim: a worm You shoot a bolt.
The bolt hits the worm.
The worm is lightly wounded.
The moth of wrath goads the worm on!
The worm goes berserk!
You see here a worm corpse.
You see here a bolt.
d - 3 bolts (gained 1) Firing (i - inventory):
d - 3 bolts (quivered)
Press: ? - help, Shift-Dir - straight line, f/p - worm
Aim: a worm (lightly wounded, berserk, fast, unusually strong)
You shoot a bolt. The bolt hits the worm.
The worm is lightly wounded.
The worm bites you!
You die...

.....# #.........# #.#
.....# #...).....# #.#
#.##.# #........## #.#
#..#.# #........#####.#
#..#.######.#.........#
#...................###
###..#####.....##.###
....>....'...####.####
####.#####..##..@....##
#.# #.##..(.w....## #.#
#.#...(..(†...# #.#
#.#...(###....# #.#
#.#...##y##...# #.#
#.#....###....# #.#
.##.....(...## #.#
#)..._..))# ##......)##


You could see a moth of wrath and a worm (berserk).

Vanquished Creatures
  Robin (D:2)
  4 gnolls (D:3)
  5 adders
  3 worms (D:3)
  4 dart slugs
  An orc (D:2)
  9 bats
  4 giant cockroaches (D:3)
  11 goblins
  7 hobgoblins
  A quokka (D:3)
  2 frilled lizards
  7 kobolds
  8 rats
67 creatures vanquished.

Notes
Turn   | Place    | Note
-------+----------+-------------------------------------------
     0 | D:1      | HammerPanzer the Centaur Hunter began the quest for the Orb.
     0 | D:1      | Reached XP level 1. HP: 17/17 MP: 1/1
   278 | D:1      | Reached XP level 2. HP: 24/24 MP: 2/2
   360 | D:1      | Reached skill level 5 in Crossbows
  1058 | D:2      | Noticed Robin
  1077 | D:2      | Reached XP level 3. HP: 30/30 MP: 3/3
  1139 | D:2      | Killed Robin
  2032 | D:2      | Reached XP level 4. HP: 32/37 MP: 4/4
  2344 | D:3      | Found a deep blue altar of Sif Muna.
  2397 | D:3      | Reached skill level 6 in Crossbows
  2565 | D:3      | Found an ancient bone altar of Kikubaaqudgha.
  2699 | D:3      | Reached XP level 5. HP: 42/42 MP: 5/5
  3161 | D:3      | Reached skill level 1 in Short Blades
  3184 | D:3      | Noticed a moth of wrath
  3187 | D:3      | Found a bloodstained altar of Trog.
  3226 | D:3      | Slain by a worm

Skill      XL: |  1  2  3  4  5 |
---------------+----------------+-----
Crossbows      | 5 6 |  6.6
Short Blades   | 1 |  1.0
Fighting       | |  2.8
Dodging        | |  1.3
Stealth        | |  0.4
Shields        | |  0.4

Action                   |  1- 3 |  4- 6 || total
-------------------------+-------+-------++-------
Melee: Short sword       |    28 |    84 ||   112
       Kick              |     5 |    17 ||    22
 Fire: Hand crossbow     |    76 |    39 ||   115
  Use: Scroll            |       |     5 ||     5
  Eat: Chunk             |     2 |     3 ||     5
Armor: Chain mail        |    34 |    45 ||    79
Dodge: Dodged            |     3 |     2 ||     5
Block: Large shield      |    23 |    36 ||    59
